AoeStats
← Der Sprudel

Golden Pit

507325990Analyzed
1v1 RM · 14d ago on Sep 17, 2026· 17m 30s· 2 players
Game mode
Random Map
Map size
Tiny (2 player)
Population
200
Speed
Normal
Resources
Standard
Victory
Conquest
Starting age
Dark Age
Ending age
Imperial Age
RankedLock teamsTeams togetherTeam positionsShared explorationLock speedFull tech treeHidden civsTurbo modeCheats
Victory
Defeat
🇮🇹 Tatars · Italy
1311
+15
🇩🇪 Burgundians · Germany
1283
-15
Der Sprudel
6:09 Double-Bit Axe
7:00 Loom
9:32 Feudal Age
10:27 Bow Saw
12:08 Horse Collar
15:17 Fletching
[ALTF4] MuraZ
6:14 Loom
9:09 Feudal Age
10:21 Double-Bit Axe
13:57 Fletching
Connection lost

Rejoining the realm…

Still unreachable

The connection could not be restored.

Session expired

The server has moved on; the page needs a fresh start.